[Event "5th Baskent University Open 2022"]
[Site "Ankara"]
[Date "2022.07.04"]
[Round "5.1"]
[White "Annaberdiev, Meilis"]
[Black "Rasulov, Vugar"]
[Result "0-1"]
[ECO "C65"]
[WhiteElo "2484"]
[BlackElo "2458"]
[Annotator "TA"]
[PlyCount "110"]
[EventDate "2022.07.02"]
[EventType "swiss"]
[EventCountry "TUR"]
[SourceTitle "playchess.com"]
[Source "ChessBase"]
[SourceQuality "1"]
[TimeControl "5400+30"]

1. e4 e5 2. Nf3 Nc6 3. Bb5 Nf6 4. d3 Bc5 5. Bxc6 dxc6 6. O-O {[%emt 0:00:30] C65: Ruy Lopez: Berlin Defence (3...Nf6), unusual lines and 4 0-0 Bc5.} Nd7 7. c3 O-O 8. d4 {[%emt 0:00:00] The position is equal.} Bd6 9. Bg5 f6 {[%emt 0:01:30] 9...f6 scores better than 9...Qe8.} 10. Bh4 Qe8 11. Re1 c5 12. Bg3 {[%emt 0:00:30] [#]} Qe6 $146 ({Predecessor:} 12... Kh8 13. Nbd2 Qe6 14. Qa4 Nb6 15. Qa5 exd4 16. cxd4 Bxg3 17. hxg3 cxd4 18. Nxd4 Qf7 {½-½ (33) Kryvoruchko,Y (2689)-Alekseev,E (2616) Riadh 2017}) 13. a4 exd4 (13... cxd4 {with more complications.} 14. cxd4 b6 15. Na3 a6) 14. Bxd6 Qxd6 15. cxd4 cxd4 16. Nxd4 Nc5 17. b4 Rd8 {[%emt 0:08:30] ...Ne6 is the strong threat.} 18. bxc5 Qxd4 19. Qb3+ Kh8 20. Nc3 {[%emt 0:00:00][%cal Bb1c3,Bc3d5,Bd5e3][%mdl 32] And now Red1 would win.} Qxc5 21. Nd5 Qd6 22. Rad1 Bg4 23. Rc1 c6 24. Ne3 Bc8 25. Red1 Qf8 26. Rxd8 Qxd8 27. Qf7 $1 {[%emt 0:00:30] Inhibits Qe7.} Qg8 $1 28. Qc7 h6 29. Rd1 Be6 30. Qxb7 c5 {[%emt 0:00:00] [#]} 31. Qe7 ({White should play} 31. Rd6 $1 $16 {[%cal Rd6e6] aiming for Rxe6!} Rd8 32. Rxd8 Qxd8 33. Qxa7) 31... Qe8 32. Qxc5 Qxa4 33. e5 {[%emt 0:00:18] Threatens to win with exf6.} f5 34. g3 Kh7 35. Rd4 Qe8 36. Qa5 Qf7 37. Ng2 Rc8 {[%emt 0:01:30] Strongly threatening ...Rc1+.} 38. Rd1 {[%emt 0:00:10] Against Rc1} g5 {[%emt 0:08:30] Against Nf4} 39. Qd2 Rc7 40. Ra1 Rd7 (40... Qd7 $5 41. Qe3 Qb5 $11) 41. Qe3 Bd5 42. Ra6 Rb7 43. Ra1 {[%emt 0:00:50] Inhibits Rb1+.} Rb3 44. e6 Bxe6 45. Qc5 Rb7 46. h4 Bd5 47. Ne3 Be4 48. f3 f4 49. fxe4 {[%emt 0:00:30] Hoping for Nf5.} fxe3 $11 {[%emt 0:00:30][%mdl 4096] Endgame KQR-KQR} 50. Rf1 {[%emt 0:00:37] [#] Prevents Qf2+.} ({Better is} 50. Qxe3 $15 gxh4 51. Qf4) 50... e2 $1 $19 51. Re1 (51. Rxf7+ Rxf7 52. Qc1 Rf1+ 53. Qxf1 exf1=Q+ 54. Kxf1 Kg6 $19) 51... gxh4 {[%emt 0:00:30] White must now prevent ...Rb3. Black is more active.} 52. g4 $2 (52. Qd5 $17) 52... Rb3 {[%emt 0:01:10] Black mates.} 53. Qf5+ Qxf5 54. exf5 Re3 55. Kf2 Re8 {[%emt 0:00:00] Weighted Error Value: White=0.26 (precise) /Black=0.04 (flawless)} 0-1

[Event "5th Baskent University Open 2022"]
[Site "Ankara"]
[Date "2022.07.04"]
[Round "5.2"]
[White "Atabayev, Saparmyrat"]
[Black "Gunduz, Umut Erdem"]
[Result "0-1"]
[ECO "D61"]
[WhiteElo "2447"]
[BlackElo "2368"]
[Annotator "TA"]
[PlyCount "60"]
[EventDate "2022.07.02"]
[EventType "swiss"]
[EventCountry "TUR"]
[SourceTitle "playchess.com"]
[Source "ChessBase"]
[SourceQuality "1"]
[TimeControl "5400+30"]

1. d4 e6 2. c4 Nf6 3. Nc3 d5 4. Bg5 Be7 5. e3 O-O 6. Nf3 Nbd7 7. Qc2 c6 8. Bd3 h6 9. Bf4 {[%emt 0:04:30] D61: Queen's Gambit Declined: Classical: 7 Qc2.} dxc4 10. Bxc4 b5 11. Be2 {[%emt 0:05:00] The position is equal.} Bb7 12. O-O a6 {[%emt 0:05:30] [#]} 13. a4 $146 ({Predecessor:} 13. Rfc1 Rc8 14. a4 b4 15. Ne4 Nxe4 16. Qxe4 Nf6 17. Qd3 a5 18. Ne5 Nd7 19. Qe4 {1-0 (59) Tran,M (2159)-Tran,Q (2196) Dong Thap 2008}) 13... Rc8 14. Rfd1 b4 15. Ne4 Nxe4 16. Qxe4 Nf6 17. Qe5 Nd5 18. Bg3 c5 19. e4 Nf6 ({Don't do} 19... Bf6 20. Qd6 $16 (20. Qh5 Nb6 $14)) 20. d5 exd5 21. exd5 {[%emt 0:00:30] [#] Hoping for d6.} Re8 {[%emt 0:00:30] Strongly threatening ...Bf8.} 22. Bc4 {[%emt 0:00:30] Black must now prevent d6.} Bf8 23. Qf5 Bd6 24. Bh4 Qd7 25. Qd3 $36 {[%emt 0:00:30][%mdl 2048] White is pushing.} Ne4 (25... g5 $5 26. Bg3 Bxg3 27. hxg3 Qd6 $11) 26. Re1 f5 27. Nd2 (27. Bg3 $14) 27... Nxd2 $17 {[%emt 0:03:30] Black is more active.} 28. Qxd2 g5 29. Re6 $2 {[%emt 0:15:09][%mdl 8192] [#]} Rxe6 $19 ({Not} 29... gxh4 30. Rg6+ Kh8 31. Rxh6+ Kg8 32. Qg5+ Qg7 33. Rg6 $18) 30. dxe6 Bxh2+ $1 {[%emt 0:00:00] Weighted Error Value: White=0.60/Black=0.03 (flawless)} 0-1

[Event "5th Baskent University Open 2022"]
[Site "Ankara"]
[Date "2022.07.04"]
[Round "5.3"]
[White "Huseyinoglu, Alihan"]
[Black "Caputcuoglu, Zeki Berke"]
[Result "1/2-1/2"]
[ECO "E75"]
[WhiteElo "2213"]
[BlackElo "2203"]
[Annotator "RC"]
[PlyCount "53"]
[EventDate "2022.07.02"]
[EventType "swiss"]
[EventCountry "TUR"]
[SourceTitle "playchess.com"]
[Source "ChessBase"]
[SourceQuality "1"]
[TimeControl "5400+30"]

1. d4 Nf6 2. c4 g6 3. Nc3 Bg7 4. e4 d6 5. Be2 O-O 6. Bg5 c5 7. d5 e6 8. Qd2 exd5 9. exd5 Qb6 10. Nf3 Bf5 11. Nh4 Ne4 12. Nxe4 Bxe4 13. f3 h6 14. Bxh6 Bxh6 15. Qxh6 Qxb2 16. O-O Bc2 17. Rac1 Re8 18. Rf2 Ba4 19. Rcf1 Qg7 20. Qg5 Nd7 21. f4 Nf6 22. Bd3 Ne4 23. Bxe4 Rxe4 24. Qg3 Qf6 25. Nf3 Qf5 26. Nh4 Qh5 27. Nf3 1/2-1/2

[Event "5th Baskent University Open 2022"]
[Site "Ankara"]
[Date "2022.07.04"]
[Round "5.5"]
[White "Unat, Can Haktan"]
[Black "Eynullayev, Atilla"]
[Result "0-1"]
[ECO "B55"]
[WhiteElo "2242"]
[BlackElo "2333"]
[Annotator "TA"]
[PlyCount "72"]
[EventDate "2022.07.02"]
[EventType "swiss"]
[EventCountry "TUR"]
[SourceTitle "playchess.com"]
[Source "ChessBase"]
[SourceQuality "1"]
[TimeControl "5400+30"]

1. e4 c5 2. Nf3 d6 3. d4 cxd4 4. Nxd4 Nf6 5. f3 e5 6. Bb5+ Nbd7 7. Nf5 d5 8. exd5 {[%emt 0:00:30] [#] Threatens to win with Qe2.} a6 {[%emt 0:00:30] B55: Sicilian: 2...d6 3 d4 cxd4 4 Nxd4 Nf6 5 f3.} 9. Bxd7+ Bxd7 10. Ne3 Nh5 {[%emt 0:00:00] The position is equal.} 11. g3 {[%emt 0:22:30] Inhibits Qh4.} (11. O-O $11) 11... Bc5 $15 {[%emt 0:01:00][%mdl 1024] Black has compensation.} 12. Nc3 O-O 13. Qd3 {[%emt 0:01:30] [#]} b5 $146 ({Predecessor:} 13... f5 14. d6 Kh8 15. Bd2 f4 16. Ng2 Bh3 17. Nh4 Qxd6 18. Qxd6 Bxd6 19. g4 Nf6 {½-½ (38) Elci,A (2013)-Greig,S (2235) ICCF email 2019}) 14. a3 f5 15. Bd2 Qb6 {[%emt 0:07:30] ...f4 is the strong threat.} 16. O-O-O a5 17. d6 Kh8 (17... Qxd6 $11 {remains equal.} 18. Qxd6 Bxd6) 18. Ncd5 (18. a4 $16) 18... Qxd6 $11 {[%emt 0:00:30] [#] Hoping for ...f4.} 19. g4 (19. Bc3 $11 {keeps the balance.}) 19... fxg4 $17 20. fxg4 Nf4 21. Nxf4 exf4 22. Qxd6 Bxd6 {[%emt 0:00:00] This bishop pair is nice.} 23. Nf5 Bxf5 24. gxf5 Rxf5 25. Bxa5 Rxa5 (25... Ra6 $17 26. Be1 g5) 26. Rxd6 {[%emt 0:00:00][%mdl 4096] Endgame Intending Rd8+ and mate. KRR-KRR} h6 (26... g5 $15) 27. Kd2 Ra7 28. Ke2 Kh7 29. Kf3 Re7 30. Rd3 {[%emt 0:03:25] Prevents Re3+.} Kg6 31. Rg1+ (31. Rc3 $11) 31... Kh5 {[%emt 0:00:31] Strongly threatening ...g5.} 32. b3 $2 {[%emt 0:05:47] This move loses the game for White.} (32. h4 $17 {was forced.}) 32... g5 $19 33. c4 $2 (33. h3) 33... bxc4 {[%emt 0:01:25] Black is clearly winning.} 34. bxc4 g4+ 35. Kf2 Rfe5 {[%emt 0:01:39] ( -> ...Re2+)} 36. Rd5 Kh4 {[%emt 0:00:10] Weighted Error Value: White=0.40/Black=0.13 (very precise)} 0-1

[Event "5th Baskent University Open 2022"]
[Site "Ankara"]
[Date "2022.07.04"]
[Round "5.6"]
[White "Makaraci, Tunahan"]
[Black "Dedebas, Emre Emin"]
[Result "1/2-1/2"]
[ECO "C11"]
[WhiteElo "2130"]
[BlackElo "2321"]
[Annotator "TA"]
[PlyCount "37"]
[EventDate "2022.07.02"]
[EventType "swiss"]
[EventCountry "TUR"]
[SourceTitle "playchess.com"]
[Source "ChessBase"]
[SourceQuality "1"]
[TimeControl "5400+30"]

1. e4 e6 2. d4 d5 3. Nc3 Nf6 4. e5 Nfd7 5. f4 c5 6. Nf3 Nc6 7. Be3 Be7 8. Qd2 O-O 9. dxc5 Qa5 {[%emt 0:00:30] C11: French: Classical System: 4 e5 and 4 Bg5 dxe4.} 10. a3 Bxc5 {[%emt 0:12:30] [#] Not much happened in this game.} {Predecessor:} 11. Bxc5 $146 Nxc5 12. O-O-O Bd7 13. Qe3 Rac8 14. Kb1 Qb6 15. h4 Ne4 16. Qe1 Nd4 17. Nxd5 exd5 18. Rxd4 Rxc2 19. Kxc2 {0-1 (33) Navara,D (2697)-Ibarra Jerez,J (2558) Tornelo INT 2021} 1/2-1/2

[Event "5th Baskent University Open 2022"]
[Site "Ankara"]
[Date "2022.07.04"]
[Round "5.7"]
[White "Ozer, Omer Faruk"]
[Black "Aliyev, Elnur"]
[Result "1-0"]
[ECO "B23"]
[WhiteElo "2317"]
[BlackElo "2142"]
[Annotator "TA"]
[PlyCount "77"]
[EventDate "2022.07.02"]
[EventType "swiss"]
[EventCountry "TUR"]
[SourceTitle "playchess.com"]
[Source "ChessBase"]
[SourceQuality "1"]
[TimeControl "5400+30"]

1. e4 c5 2. Nc3 Nc6 3. Bb5 Nf6 4. Bxc6 bxc6 5. f4 d5 6. d3 g6 7. Nf3 Bg7 8. O-O O-O 9. Qe1 {[%emt 0:08:30] B23: Closed Sicilian: Lines without g3.} Ne8 (9... dxe4 $11 10. Nxe4 Nxe4 11. dxe4 Ba6) 10. f5 Nc7 {[%emt 0:07:30] [#]} 11. Qh4 $146 {[%emt 0:15:30] White is slightly better.} ({Predecessor:} 11. fxg6 fxg6 12. Qh4 e5 13. Bg5 Qd7 14. Bh6 Bxh6 15. Qxh6 Qe7 16. Nxe5 Ba6 17. Nxc6 {1-0 (25) Vaughan,D-Correa,A ICCF corr 1982}) 11... f6 12. fxg6 {[%emt 0:09:30] White is more active.} hxg6 13. Qg3 g5 14. h4 Qd6 $1 15. Qxd6 exd6 16. hxg5 fxg5 17. Bxg5 {[%emt 0:00:53] Hoping for Be7.} Rf7 {[%emt 0:04:31] Prevents Be7.} 18. Bd2 Rb8 19. Rab1 Ne6 (19... Bg4 $11 {remains equal.}) 20. exd5 $16 cxd5 21. b3 (21. Nxd5 $16 Rxb2 22. Rxb2 Bxb2 23. Re1) 21... Nd4 $14 22. Ng5 Re7 (22... Rxf1+ $1 $14 23. Rxf1 Bb7) 23. Bf4 $2 (23. Nxd5 $18 Ne2+ 24. Kh2 Be5+ 25. Bf4 Bxf4+ 26. Nxf4 (26. Rxf4 Re5 $11)) 23... Ne2+ (23... Rd7 $1 $11) 24. Nxe2 $18 Rxe2 25. Rbe1 $36 {[%emt 0:00:15][%mdl 2048] Black is under strong pressure.} Bd4+ 26. Kh2 Rxe1 (26... Bg4 $16 27. Rxe2 (27. Bxd6 Rbe8 $18) 27... Bxe2 28. Bxd6 (28. Re1 Re8 $16) 28... Bxf1 29. Bxb8 Be3) 27. Rxe1 Bf5 28. Bxd6 Rc8 29. Be5 {[%emt 0:00:30] Bxd4 is the strong threat.} Bf2 (29... Re8 {was necessary.}) 30. Rf1 Re8 31. Bg3 ({Resist} 31. Rxf2 Rxe5 32. Kg3 Bg6 $18) 31... Bxg3+ 32. Kxg3 {[%emt 0:00:30][%mdl 4096] Endgame KRB-KRN} Bg6 33. Rf6 Kg7 34. Rc6 Re2 (34... c4 $142 35. bxc4 dxc4 36. Rxc4 Re5) 35. Rxc5 {[%emt 0:00:30] White is clearly winning.} Kf6 36. Nh3 Ke5 {[%emt 0:00:30] [#]} (36... Re3+ $142 37. Kf2 Re5) 37. Rxd5+ $3 Kf6 (37... Kxd5 38. Nf4+) 38. Rd6+ Kf5 {[%emt 0:00:30] [#]} 39. Rxg6 $1 {[%emt 0:00:30] Weighted Error Value: White=0.29 (precise) /Black=0.56} 1-0

[Event "5th Baskent University Open 2022"]
[Site "Ankara"]
[Date "2022.07.04"]
[Round "5.8"]
[White "Zor, Alber Kadir"]
[Black "Akbas, Umut Ata"]
[Result "1/2-1/2"]
[ECO "A49"]
[WhiteElo "2116"]
[BlackElo "2298"]
[Annotator "TA"]
[PlyCount "39"]
[EventDate "2022.07.02"]
[EventType "swiss"]
[EventCountry "TUR"]
[SourceTitle "playchess.com"]
[Source "ChessBase"]
[SourceQuality "1"]
[TimeControl "5400+30"]

1. Nf3 Nf6 2. g3 g6 3. b3 Bg7 4. Bb2 O-O 5. Bg2 d6 6. d4 c6 7. O-O Qc7 {[%emt 0:00:30] Recently 7...Bf5 got a lot of attention.} 8. Nbd2 {[%emt 0:00:30] A49: 1 d4 Nf6 2 Nf3 g6 3 g3: Anti-King's Indian systems.} Re8 9. e4 Bg4 10. e5 Nfd7 11. Qe2 {[%emt 0:05:30] [#]} Nf8 $146 ({Predecessor:} 11... c5 12. exd6 Qxd6 13. dxc5 Qxc5 14. Bxg7 Kxg7 15. Qe4 Bxf3 16. Qxf3 Nc6 17. Nc4 Nf6 18. Rad1 Rad8 19. Qe3 Qh5 20. Qf3 Qc5 21. Qe3 Qh5 22. Qf3 Qc5 23. Qe3 {½-½ (23) Adamczewski,J (1892)-Adamczewski,M (2109) Jastrzebia Gora 2019}) 12. Rfe1 {[%emt 0:02:30] White is more active.} Nbd7 13. h3 Bxf3 14. Nxf3 ({Much weaker is} 14. Qxf3 dxe5 15. Qe3 exd4 16. Bxd4 e5 $17) 14... Ne6 15. Rad1 Rad8 16. c4 {[%emt 0:09:30] Hoping for d5.} dxe5 17. dxe5 Ndc5 18. h4 Qa5 19. Ba1 Rxd1 20. Rxd1 {[%emt 0:00:30] Weighted Error Value: White=0.08 (flawless) /Black=0.10 (very precise)} 1/2-1/2

[Event "5th Baskent University Open 2022"]
[Site "Ankara"]
[Date "2022.07.04"]
[Round "5.9"]
[White "Yerden, Huseyin Eren"]
[Black "Ozsoy, Alimert"]
[Result "0-1"]
[ECO "D11"]
[WhiteElo "2050"]
[BlackElo "2263"]
[Annotator "TA"]
[PlyCount "112"]
[EventDate "2022.07.02"]
[EventType "swiss"]
[EventCountry "TUR"]
[SourceTitle "playchess.com"]
[Source "ChessBase"]
[SourceQuality "1"]
[TimeControl "5400+30"]

1. d4 d5 2. c4 c6 3. Nf3 Nf6 4. g3 Bg4 5. Ne5 Bf5 6. cxd5 {[%emt 0:00:30] D11: Slav Defence: 3 Nf3 sidelines and 3...Nf6 4 e3 Bg4.} cxd5 7. Nc3 Nc6 8. f3 {[%emt 0:01:30][%cal Oe2e4] White has an edge.} Qb6 {[%emt 0:10:30] [#]} 9. e3 $146 ({Predecessor:} 9. g4 Be6 10. Nxc6 bxc6 11. e3 Nd7 12. Na4 Qc7 13. Bd2 f6 14. Rc1 Qd6 15. Qc2 {1-0 (45) Le,Q (2709)-Brunner,N (2428) Chess.com INT 2020}) 9... g6 10. g4 Be6 11. Nd3 Bd7 12. g5 Nh5 13. f4 (13. Kf2 {with more complications.} e6 14. f4 Bd6 15. h4) 13... e6 14. Be2 (14. Kf2 {keeps more tension.} Bd6 15. h4 h6 16. Bd2) 14... Ng7 15. Bd2 (15. h4 $11) 15... h6 $15 16. gxh6 Nf5 17. Bf3 Bxh6 {[%emt 0:00:30] Black is more active.} (17... Rc8 $17) 18. Nc5 (18. Bg4 $15) 18... Bc8 (18... Qxb2 19. Rb1 Nxe3 20. Rxb2 $16) (18... Bg7 $17 {aiming for ...Rh3.} 19. Ne2 Rb8) 19. Qa4 $2 {[%emt 0:06:30][%mdl 8192] [#]} (19. h4 $11) 19... g5 $2 (19... Qxb2 20. Rb1 b5 21. Qd1 (21. Rxb2 bxa4 22. Bd1 Rb8 $11) (21. Qxb5 Qxb5 22. Nxb5 Rb8 $14) 21... Nxe3 22. Rxb2 $16) (19... Bxf4 $1 $19 {[%mdl 512] is more deadly.} 20. exf4 (20. Bxd5 exd5) 20... Nfxd4) 20. fxg5 $17 Bxg5 21. O-O-O $1 Be7 (21... Bxe3 $17 22. Bxe3 Nxe3) 22. Kb1 $14 Qc7 23. Nb5 Qb6 24. Nc3 a6 (24... Qc7 $1 $11) 25. Bc1 (25. h4 {feels hotter.} Qa5 26. Qc2 Bxc5 27. dxc5 Qxc5 28. e4) 25... Qa7 ({Better is} 25... Qa5 $14) 26. Qc2 (26. h4 {looks sharper.} Rxh4 27. Rxh4 Nxh4 28. Bh5) 26... b6 (26... Bxc5 $6 27. dxc5 Qxc5 28. e4 dxe4 29. Bxe4 $11) 27. Nb3 {[%emt 0:00:13][%cal Oc3d5] Threatens to win with Nxd5!} Bb7 28. Qf2 ({White should try} 28. e4 $16 Nb4 29. Qe2 dxe4 30. Bxe4) 28... Nh4 (28... Nd6 $1 $11 {and Black stays safe.}) 29. Be2 $1 $18 f5 30. Rhg1 O-O-O 31. Nd2 $2 (31. e4 $1 $18 ) 31... b5 (31... Kb8 $11 {was preferrable.}) 32. Nf3 $14 Nxf3 33. Bxf3 Qb8 {[%emt 0:00:40] [#]} (33... Kb8 $14) 34. Rg6 (34. Bxd5 $142 $1 exd5 35. Qxf5+ Kc7 36. Nxd5+ Rxd5 37. Qxd5) 34... Rxh2 $16 35. Qg1 Kd7 {[%emt 0:00:30][%mdl 8192] [#]} (35... Bd6 $16) 36. e4 $1 $18 b4 37. Na4 (37. exd5 bxc3 38. dxc6+ Bxc6 39. Bxc6+ Kxc6 $11) 37... dxe4 38. d5 Kc8 39. dxc6 Bxc6 40. Rxd8+ (40. Rxe6 $142 Bd6 41. Nb6+ Kb7 {[#]} 42. Rdxd6 $1 ) 40... Bxd8 41. Bd1 (41. Qc5 Qb5 42. Bd1 (42. Rxe6 Qxc5 43. Nxc5 Bb5 $11) 42... Qxc5 43. Nxc5 Rh1 $16) 41... Qd6 42. Bb3 e3 (42... Qd3+ 43. Ka1 Bxa4 44. Qc5+ Kb8 45. Rg7 (45. Bxa4 Rh1 $16)) 43. Rxe6 $2 (43. Qxe3 $18 Bxa4 44. Bxa4) 43... Qd3+ $11 44. Ka1 Be4 {[%emt 0:00:14] ( -> ...Qb1#)} 45. Rxe4 (45. Bxe3 $2 Rh1 46. Qxh1 Bxh1 $19) 45... Qxe4 46. Qxh2 {[%emt 0:00:30] Qd6 would kill now.} e2 47. Nc5 {[%emt 0:00:38] Threatening mate with Qd6.} e1=Q $40 {[%emt 0:00:10][%cal Re1c1][%mdl 128] Black attacks. The board is on fire.} 48. Qh6 Q4h1 (48... Qe7 $2 49. Qc6+ Kb8 50. Kb1 $18) 49. Qxa6+ Kc7 50. Qa7+ $2 (50. Qa5+ $11 Kd6 51. Qxd8+ Kxc5 52. Qf8+ Kb5 53. Qb8+ Kc6 54. Qc8+ Kd6 55. Qd8+ Kc6 56. Qc8+ Kb5 57. Qd7+ Kc5 58. Qa7+ Kd6 59. Qb8+ Ke7 60. Qc7+ Ke8 61. Qb8+ Ke7 62. Qc7+ Ke8 63. Ba4+ Kf8 64. Qd8+ Kg7 65. Qg5+ Kh8 66. Qf6+ Kh7 67. Qf7+ (67. Qxf5+ Kg7 $11) 67... Kh8 68. Qf6+ Kh7 69. Qf7+ (69. Qxf5+ Kg7 $11) 69... Kh8 70. Qf8+ Kh7 71. Qxf5+ Kg7 72. Qg5+ Kf7 73. Qf5+ Kg7 74. Qg5+ Kf7 75. Bb3+ Ke8 76. Qg8+ Kd7 77. Ba4+ Ke7 78. Qg7+ Ke6 79. Qg6+ Ke5 80. Qg7+ (80. Qg5+ Kd4 $11) 80... Ke6 81. Qg8+ Kf6 82. Qd8+ (82. Qg5+ Kf7 $11) 82... Qe7 83. Qd4+ Qe5 84. Qd8+ Qe7 85. Qd4+ Qe5 86. Qd8+ Qe7) 50... Kd6 {[%emt 0:00:25][%cal Re1c1] Black mates.} 51. Nb7+ {[%emt 0:00:34] [#]} Qxb7 $3 52. Qd4+ Kc7 53. Bd1 Qc6 54. Bf4+ Kb7 55. a3 Bb6 56. Qd3 Qee4 {[%emt 0:00:15] A wild game.  Weighted Error Value: White=0.45/Black=0.50} 0-1

[Event "5th Baskent University Open 2022"]
[Site "Ankara"]
[Date "2022.07.04"]
[Round "5.10"]
[White "Ozturk, Efe Hakan"]
[Black "Citak, Selim"]
[Result "1/2-1/2"]
[ECO "E05"]
[WhiteElo "2115"]
[BlackElo "2176"]
[Annotator "RC"]
[PlyCount "38"]
[EventDate "2022.07.02"]
[EventType "swiss"]
[EventCountry "TUR"]
[SourceTitle "playchess.com"]
[Source "ChessBase"]
[SourceQuality "1"]
[TimeControl "5400+30"]

1. Nf3 Nf6 2. c4 e6 3. g3 d5 4. Bg2 Be7 5. O-O O-O 6. d4 dxc4 7. Qc2 a6 8. a4 Bd7 9. Ne5 Bc6 10. Nxc6 Nxc6 11. e3 Na5 12. Nd2 c5 13. dxc5 Rc8 14. b4 cxb3 15. Nxb3 Nxb3 16. Qxb3 Nd7 17. Ba3 Nxc5 18. Bxc5 Rxc5 19. Qxb7 a5 1/2-1/2

[Event "5th Baskent University Open 2022"]
[Site "Ankara"]
[Date "2022.07.04"]
[Round "5.11"]
[White "Altun, Arda"]
[Black "Maruflu, Enes Yusuf"]
[Result "1/2-1/2"]
[ECO "C65"]
[WhiteElo "2213"]
[BlackElo "2046"]
[Annotator "RC"]
[PlyCount "72"]
[EventDate "2022.07.02"]
[EventType "swiss"]
[EventCountry "TUR"]
[SourceTitle "playchess.com"]
[Source "ChessBase"]
[SourceQuality "1"]
[TimeControl "5400+30"]

1. e4 e5 2. Nf3 Nc6 3. Bb5 Nf6 4. d3 Bc5 5. Nbd2 O-O 6. Nb3 Bb6 7. Bxc6 bxc6 8. Nxe5 d5 9. O-O dxe4 10. dxe4 Qe8 11. Bf4 Nxe4 12. Qd3 f6 13. Qxe4 fxe5 14. Bg3 Bf5 15. Qe2 Qg6 16. Rac1 Kh8 17. Kh1 Rae8 18. Bxe5 Bxc2 19. Bxg7+ Kxg7 20. Qxc2 Qxc2 21. Rxc2 Rxf2 22. Rcxf2 Bxf2 23. Rd1 Re2 24. Nd2 Bd4 25. b3 c5 26. g3 Rf2 27. b4 Kg6 28. a4 cxb4 29. Ne4 Re2 30. Rxd4 b3 31. Nc3 Rc2 32. Nd1 c5 33. Rd5 c4 34. Kg1 c3 35. Rb5 a6 36. Rb4 Kf5 1/2-1/2

[Event "5th Baskent University Open 2022"]
[Site "Ankara"]
[Date "2022.07.04"]
[Round "5.12"]
[White "Tarhan, Adar"]
[Black "Khoder, Akram"]
[Result "1-0"]
[ECO "B42"]
[WhiteElo "2201"]
[BlackElo "2038"]
[Annotator "RC"]
[PlyCount "67"]
[EventDate "2022.07.02"]
[EventType "swiss"]
[EventCountry "TUR"]
[SourceTitle "playchess.com"]
[Source "ChessBase"]
[SourceQuality "1"]
[TimeControl "5400+30"]

1. e4 c5 2. Nf3 e6 3. d4 cxd4 4. Nxd4 a6 5. Bd3 Bc5 6. Nb3 Ba7 7. Qe2 Ne7 8. Be3 O-O 9. Nc3 d6 10. O-O-O b5 11. e5 d5 12. Bxa7 Rxa7 13. h4 b4 14. Nb1 a5 15. Qe3 Nbc6 16. h5 Nf5 17. Bxf5 exf5 18. Qc5 Qc7 19. Rxd5 Be6 20. Rd6 Rc8 21. Rhd1 h6 22. Rxc6 Qxc6 23. Rd8+ Kh7 24. Rxc8 Qe4 25. Rd8 Ra8 26. Rd4 Qxg2 27. Rd1 Rc8 28. Qe3 a4 29. Nd4 Bxa2 30. Qf4 g6 31. hxg6+ fxg6 32. Nxf5 g5 33. Qxb4 Rc7 34. Qd6 1-0

[Event "5th Baskent University Open 2022"]
[Site "Ankara"]
[Date "2022.07.04"]
[Round "5.13"]
[White "Ipek, Egehan"]
[Black "Bekiragaoglu, Umut"]
[Result "1/2-1/2"]
[ECO "E05"]
[WhiteElo "2196"]
[BlackElo "2067"]
[Annotator "RC"]
[PlyCount "68"]
[EventDate "2022.07.02"]
[EventType "swiss"]
[EventCountry "TUR"]
[SourceTitle "playchess.com"]
[Source "ChessBase"]
[SourceQuality "1"]
[TimeControl "5400+30"]

1. c4 e6 2. Nf3 d5 3. g3 Nf6 4. Bg2 Be7 5. O-O O-O 6. d4 dxc4 7. Qa4 a6 8. Qxc4 b5 9. Qc2 Bb7 10. Bd2 Ra7 11. Rd1 Be4 12. Qc1 Nc6 13. e3 Qa8 14. Ne1 Bxg2 15. Nxg2 e5 16. Nh4 g6 17. Nc3 exd4 18. exd4 Nxd4 19. Be3 c5 20. Bxd4 cxd4 21. Rxd4 Rd8 22. Rxd8+ Qxd8 23. Nf3 Qb6 24. Qf4 Bc5 25. Ng5 Re7 26. Rd1 Qc6 27. Qf3 Qxf3 28. Nxf3 Bb4 29. Rd4 Bxc3 30. bxc3 Rc7 31. Rd6 Ne4 32. Rxa6 Rxc3 33. Nd4 b4 34. Rb6 Ra3 1/2-1/2